 Dungeon Crawl Stone Soup version 0.29-a0-632-g781b4ac09e (webtiles) character file.

Game seed: 18304285628546978610

222726 Essalna the Slayer (level 18, -18/182 HPs)
             Began as a Hill Orc Gladiator on June 17, 2022.
             Was the Champion of Beogh.
             Demolished by a deep troll (31 damage)
             ... led by an ironbound preserver
             ... on level 1 of the Vaults on June 19, 2022.
             The game lasted 01:27:30 (31576 turns).

Essalna the Slayer (Hill Orc Gladiator)            Turns: 31576, Time: 01:27:31

Health: -18/182    AC: 25    Str: 32    XL:     18   Next: 76%
Magic:  27/27      EV: 17    Int:  8    God:    Beogh [******]
Gold:   2036       SH:  8    Dex: 16    Spells: 17/17 levels left

rFire   + . .      SeeInvis .   k - +11 demon trident of Gozag's Hatred {elec, rElec Str+4}
rCold   + + +      Faith    .   B - +0 buckler
rNeg    . . .      Spirit   .   h - +0 scale mail of the Salmon {rC+ Regen+ Str+3}
rPois   +          Reflect  .   f - +2 hat
rElec   +          Harm     .   J - +2 cloak {rPois}
rCorr   +          Rampage  .   D - +3 pair of gloves "Jynlulen" {rElec rCorr Dex+4 Stlth+}
Will    +....                   L - +2 pair of boots
Stlth   +.........              V - amulet of regeneration
HPRegen 2.00/turn               s - ring of magical power
MPRegen 0.20/turn               e - ring "Ybumivuf" {rF+ rC++}

@: no status effects
A: walk on water
}: 2/15 runes: serpentine, barnacled
a: Renounce Religion, Smiting, Recall Orcish Followers, Give Item to Named
Follower, Resurrection


You were on level 1 of the Vaults.
You worshipped Beogh.
Beogh was exalted by your worship.
You visited 7 branches of the dungeon, and saw 33 of its levels.
You also visited: Bailey and Gauntlet.

You collected 3091 gold pieces.
You spent 1055 gold pieces at shops.

Inventory:

Hand Weapons
 g - a +0 demon trident of electrocution
 k - the +11 demon trident of Gozag's Hatred (weapon) {elec, rElec Str+4}
   (You acquired it on level 9 of the Dungeon)

   It occasionally discharges a powerful burst of electricity upon striking a
   foe.
   Str:       It affects your strength (+4).
   rElec:     It insulates you from electricity.
 l - the +4 flail of the Rescuing Eel {flame, Will+ Int+3}
   (You found it on level 5 of the Lair of Beasts)

   It burns those it strikes, dealing additional fire damage.
   Int:       It affects your intelligence (+3).
   Will:      It increases your willpower.
 t - the +1 arbalest "Leviticus" {penet, rElec rPois rF+ Str+3}
   (You took it off a minotaur in a Gauntlet)

   Any ammunition fired by it passes through the targets it hits, potentially
   hitting all targets in its path until it reaches maximum range.
   Str:       It affects your strength (+3).
   rF:        It protects you from fire.
   rElec:     It insulates you from electricity.
   rPois:     It protects you from poison.
 y - a +3 vorpal glaive
 z - the +9 trident of Donnuep {elec, Dex+4}
   (You found it on level 12 of the Dungeon)

   It occasionally discharges a powerful burst of electricity upon striking a
   foe.
   Dex:       It affects your dexterity (+4).
 G - a +1 glaive of protection
Armour
 a - a +0 crystal plate armour
 f - a +2 hat (worn)
 h - the +0 scale mail of the Salmon (worn) {rC+ Regen+ Str+3}
   (You bought it in a shop on level 6 of the Dungeon)

   Str:       It affects your strength (+3).
   rC:        It protects you from cold.
   Regen:     It increases your rate of health regeneration.
 w - the +0 leather armour "Cuic" {Will+ Regen+ Stlth+}
   (You found it on level 7 of the Dungeon)

   Regen:     It increases your rate of health regeneration.
   Will:      It increases your willpower.
   Stlth:     It makes you more stealthy.
 B - a +0 buckler (worn)
 D - the +3 pair of gloves "Jynlulen" (worn) {rElec rCorr Dex+4 Stlth+}
   (You found it on level 15 of the Dungeon)

   Dex:       It affects your dexterity (+4).
   rElec:     It insulates you from electricity.
   rCorr:     It protects you from acid and corrosion.
   Stlth:     It makes you more stealthy.
 J - a +2 cloak of poison resistance (worn)
 L - a +2 pair of boots (worn)
Jewellery
 e - the ring "Ybumivuf" (right hand) {rF+ rC++}
   (You bought it in a shop on level 2 of the Orcish Mines)

   [ring of protection from fire]

   rF:        It protects you from fire.
   rC:        It greatly protects you from cold.
 j - a ring of fire
 s - a ring of magical power (left hand)
 x - an amulet of reflection
 V - an amulet of regeneration (around neck)
 W - a ring of protection from cold
Wands
 d - a wand of mindburst (39)
 o - a wand of flame (71)
 A - a wand of light (18)
 C - a wand of iceblast (38)
 F - a wand of digging (5)
Scrolls
 b - 5 scrolls of poison
 c - a scroll of blinking
 i - 11 scrolls of enchant weapon
 v - a scroll of acquirement
 M - a scroll of brand weapon
 N - 13 scrolls of teleportation
 O - 2 scrolls of fog
 P - 2 scrolls of identify
 R - 4 scrolls of amnesia
 S - 2 scrolls of summoning
 U - 3 scrolls of magic mapping
 Y - 9 scrolls of fear
Potions
 m - 3 potions of cancellation
 n - 4 potions of brilliance
 p - 5 potions of ambrosia
 q - 3 potions of mutation
 r - 28 potions of curing
 u - 5 potions of flight
 E - 5 potions of invisibility
 H - 4 potions of might
 I - 9 potions of haste
 K - 6 potions of attraction {unknown}
 Q - 4 potions of heal wounds
 T - 6 potions of lignification
 X - 2 potions of berserk rage
 Z - 5 potions of magic


   Skills:
 + Level 21.2 Fighting
 - Level 14.0 Polearms
 - Level 1.7 Throwing
 + Level 19.5 Armour
 + Level 11.5 Dodging
 + Level 14.3 Shields


You had 17 spell levels left.
You didn't know any spells.
Your spell library contained the following spells:

 Spells                   Type           Power      Damage    Failure   Level
 Beastly Appendage        Tmut           0%         N/A       58%         1
 Magic Dart               Conj           0%         1d3       58%         1
 Sandblast                Erth           0%         2d4       58%         1
 Slow                     Hex            0%         N/A       58%         1
 Sting                    Tmut/Pois      0%         1d3       58%         1
 Passwall                 Tmut/Erth      0%         N/A       75%         2
 Poisonous Vapours        Pois/Air       0%         N/A       75%         2
 Wereblood                Tmut           0%         N/A       75%         2
 Confusing Touch          Hex            0%         N/A       92%         3
 Conjure Flame            Conj/Fire      0%         6-21      92%         3
 Ignite Poison            Fire/Tmut/Pois 0%         N/A       92%         3
 Portal Projectile        Hex/Tloc       0%         N/A       92%         3
 Spider Form              Tmut/Pois      0%         N/A       92%         3
 Stone Arrow              Conj/Erth      0%         3d7       92%         3
 Tukima's Dance           Hex            0%         N/A       92%         3
 Vampiric Draining        Necr           0%         2d6       92%         3
 Airstrike                Air            0%         N/A       100%        4
 Olgreb's Toxic Radiance  Pois           0%         N/A       100%        4
 Passage of Golubria      Tloc           0%         N/A       100%        4
 Sticky Flame             Conj/Fire      0%         2d3       100%        4
 Summon Lightning Spire   Summ/Air       0%         N/A       100%        4
 Blade Hands              Tmut           0%         N/A       100%        5
 Irradiate                Conj/Tmut      0%         3d13      100%        5
 Iskenderun's Battlesphe  Conj           0%         2d6       100%        5
 Lightning Bolt           Conj/Air       0%         1d11      100%        5
 Silence                  Hex/Air        0%         N/A       100%        5
 Eringya's Noxious Bog    Tmut/Pois      0%         N/A       100%        6
 Iron Shot                Conj/Erth      0%         9d1       100%        6
 Statue Form              Tmut/Erth      0%         N/A       100%        6
 Dragon Form              Tmut           0%         N/A       100%        7
 Spellforged Servitor     Conj/Summ      0%         N/A       100%        7
 Lehudib's Crystal Spear  Conj/Erth      0%         10d2      100%        8


Dungeon Overview and Level Annotations

Branches:
Dungeon (15/15)            Temple (0/1) D:7            Lair (6/6) D:9
 Shoals (4/4) Lair:4        Snake (4/4) Lair:2        Slime (0/5) Lair:5
    Orc (2/2) D:10            Elf (0/3) Orc:2        Vaults (1/5) D:13
 Depths (0/4) D:15           Hell (visited)          Bailey (visited)
Gauntlet (visited)
    Dis: Hell:1         Geh: Hell:1         Coc: Hell:1         Tar: Hell:1

Altars:
Dithmenos
Kikubaaqudgha
Makhleb
Nemelex Xobeh
Vehumet
Beogh

Shops:
D:4 (   D:6 **   D:8 (   D:9 [   Orc:2 ==!:[   Shoals:1 [*   Snake:1 **
Snake:3 =[:

Portals:
Hell: Lair:6

Annotations:
D:3 3 runed translucent doors, emergency's ghost, weakling GrGl
D:6 2 runed translucent doors, Dwachs's ghost, amateur GrFE
Lair:1 exclusion: oklob plant
Lair:4 2 transporters, Jetha's ghost, journeyman DrMo
Hell Geryon


Message History

You impale the yaktaur!! Lightning courses through the yaktaur!
The yaktaur is almost dead.
Reach: k) +11 demon trident of Gozag's Hatred {elec, rElec Str+4}
Press: ? - help, Dir - move target, f/p - yaktaur
Aim: a yaktaur, wielding a +0 arbalest (almost dead, ally target, about 10% to evade the +11 demon trident of Gozag's Hatred)
You puncture the yaktaur! Lightning courses through the yaktaur!
You kill the yaktaur!
Beogh accepts your kill.
Milork no longer looks unusually strong.
The vault guard barely misses you. You block the vault warden's attack.
The vault warden hits Milork with a +2 war axe!!
Milork hits the vault warden with a +1 vorpal bardiche!!
Reach: k) +11 demon trident of Gozag's Hatred {elec, rElec Str+4}
Press: ? - help, Dir - move target, f - deep troll
Aim: a deep troll (heavily wounded, strong, about 21% to evade the +11 demon trident of Gozag's Hatred)
You closely miss the deep troll.
The deep troll is heavily wounded.
You block the vault guard's attack.
The vault warden hits you with a +2 war axe.
* * * LOW HITPOINT WARNING * * *
The vault warden hits Milork with a +2 war axe!
The deep troll bites you!
* * * LOW HITPOINT WARNING * * *
The deep troll claws you but does no damage.
The deep troll completely misses you.
Milork hits the vault warden with a +1 vorpal bardiche!!
Reach: k) +11 demon trident of Gozag's Hatred {elec, rElec Str+4}
Press: ? - help, Dir - move target, f/p - deep troll
Aim: a deep troll (heavily wounded, strong, about 21% to evade the +11 demon trident of Gozag's Hatred)
You puncture the deep troll!
The deep troll is severely wounded.
Reach: k) +11 demon trident of Gozag's Hatred {elec, rElec Str+4}
Press: ? - help, Dir - move target, f/p - deep troll
Aim: a deep troll (severely wounded, strong, about 21% to evade the +11 demon trident of Gozag's Hatred)
You closely miss the deep troll.
The deep troll is severely wounded.
The vault guard hits you but does no damage.
The vault warden barely misses Milork.
You block the vault warden's attack. The deep troll bites you!!
You die...

###########...
#.)...........
#@o###'####..
......ppT#......#
.........#......#
.........#....∩.#
#######..#......#
#..#......#
+..#......#
#..########


You could see a vault warden (distracted, ally target), a vault guard, a deep
troll (strong) and the friendly Milork the orc warlord.

Vanquished Creatures
  Mara (Shoals:3)
  A tentacled monstrosity (D:14)
  Mlioglotl (Shoals:2)
  A tengu reaver (Vaults:1)
  A vault warden (Vaults:1)
  A nagaraja (Snake:4)
  2 ironbound preservers (Vaults:1)
  A war gargoyle (Vaults:1)
  A very ugly thing (D:14)
  A minotaur (Gauntlet)
  2 merfolk javelineers (Shoals:4)
  Josephine (Lair:5)
  4 merfolk impalers (Shoals:4)
  8 hydras
  4 boulder beetles
  A rakshasa (D:10)
  2 salamander tyrants (Snake:4)
  An ogre mage (Orc:2)
  Fannar (Lair:2)
  A vault guard (D:13)
  A merfolk avatar (Shoals:3)
  4 centaur warriors (D:14)
  5 anacondas
  4 merfolk aquamancers (Shoals:4)
  8 naga warriors
  An ironbound frostheart (Vaults:1)
  6 two-headed ogres
  A hell hog (Gauntlet)
  8 shock serpents
  A storm dragon zombie (D:15)
  6 naga sharpshooters
  Sonja (Lair:1)
  4 skeletal warriors (D:15)
  A sixfirhy (Lair:6)
  A fire crab (Gauntlet)
  A salamander mystic (Snake:4)
  12 sea snakes
  A large abomination (D:14)
  2 naga ritualists
  3 deep trolls (Vaults:1)
  An ironbound convoker (Vaults:1)
  A wizard (Lair:6)
  13 harpies
  4 mana vipers
  3 cyclopes
  3 lindwurms (Snake:4)
  12 ugly things
  8 salamanders
  10 fauns
  6 orc sorcerers (Orc:2)
  7 manticores
  An elephant (Lair:4)
  9 merfolk sirens
  9 naga magi
  4 water nymphs
  Joseph (D:7)
  3 torpor snails
  35 black mambas
  6 guardian serpents
  2 orange demons (Lair:6)
  A gargoyle (D:13)
  Maggie (Lair:1)
  9 cane toads
  5 rime drakes
  6 komodo dragons
  A freezing wraith (D:10)
  A demonic crawler (D:14)
  5 yaktaurs
  An ice devil (Lair:6)
  A hellwing (Lair:6)
  A queen bee (D:13)
  14 merfolk
  2 wind drakes
  6 polar bears
  3 trolls
  2 meliai (D:13)
  5 snapping turtles
  2 hornets
  4 dream sheep
  A fire giant simulacrum (D:15)
  16 blink frogs
  2 slime creatures (Lair:5)
  2 shadows
  A spriggan (Lair:3)
  2 centaur simulacra (Gauntlet)
  4 wraiths
  8 fire bats (Gauntlet)
  4 water elementals
  5 basilisks
  2 wyverns
  35 yaks
  A steam dragon (D:7)
  Menkaure (D:5)
  A chaos spawn (D:14)
  6 vampire mosquitoes
  29 nagas
  20 water moccasins
  7 hell hounds
  2 small abominations (D:14)
  Duvessa (D:5)
  2 ice beasts
  A meliai simulacrum (Gauntlet)
  7 orc warriors
  2 black bears
  3 ogres
  A boggart (D:10)
  27 wolves
  8 centaurs
  2 phantoms
  A gnoll sergeant (D:10)
  9 bullfrogs
  2 scorpions (D:6)
  A hornet simulacrum (Gauntlet)
  13 wights
  Dowan (D:5)
  13 killer bees
  3 jellies
  3 hounds
  2 orc priests
  6 iguanas
  15 orc wizards
  A boggart simulacrum (Gauntlet)
  3 adders
  10 gnolls
  2 shadow imps
  A white imp (D:6)
  A worm (D:2)
  2 dart slugs
  22 orcs
  5 endoplasms
  A giant cockroach (D:4)
  11 hobgoblins
  14 kobolds
  4 quokkas
  6 ball pythons
  2 bats
  4 frilled lizards
  13 goblins
  7 rats
  2 tentacles (Shoals:4)
698 creatures vanquished.

Vanquished Creatures (collateral kills)
  Bai Suzhen (Shoals:3)
  A kraken (Shoals:4)
  Ilsuiw (Shoals:4)
  Donald (Shoals:3)
  Roxanne (Shoals:3)
  The ghost of Zaque the Warrior, a journeyman MiBe of Trog (D:14)
  3 nagarajas (Snake:4)
  An emperor scorpion (D:15)
  2 vault wardens (Vaults:1)
  The ghost of Hyvvalie the Earth Mage, a journeyman GrEE of Vehumet (D:15)
  A dire elephant (D:15)
  A merfolk impaler (Shoals:4)
  A juggernaut simulacrum (D:15)
  2 salamander tyrants (Snake:4)
  2 boulder beetles
  3 hydras
  2 centaur warriors
  3 vault guards (D:13)
  An alligator snapping turtle (Shoals:4)
  3 merfolk avatars
  A satyr (Shoals:2)
  A merfolk aquamancer (Shoals:4)
  5 anacondas
  An ogre mage (Orc:2)
  2 catoblepae (D:13)
  3 two-headed ogres
  10 naga warriors
  Urug (D:13)
  5 shock serpents
  10 naga sharpshooters
  An orc high priest (Orc:2)
  5 salamander mystics
  6 skeletal warriors (D:15)
  9 sea snakes
  2 deep trolls (Vaults:1)
  3 naga ritualists
  2 lindwurms (Snake:4)
  A phantasmal warrior (D:15)
  A wizard (Vaults:1)
  10 mana vipers
  3 fauns (Shoals:2)
  6 harpies (Shoals:1)
  An orc sorcerer (Orc:2)
  2 cyclopes
  9 manticores
  7 ugly things
  10 salamanders
  A large abomination (D:14)
  A water nymph (Shoals:4)
  2 merfolk sirens (Shoals:1)
  6 naga magi
  10 black mambas
  2 elephants (Lair:4)
  4 guardian serpents (Snake:4)
  A cane toad (Lair:6)
  An orange demon (Lair:6)
  3 yaktaurs
  A komodo dragon (D:12)
  A freezing wraith (D:15)
  A komodo dragon (shapeshifter) (D:14)
  A red devil (Lair:6)
  An ice devil (Lair:6)
  A meliai (D:13)
  8 merfolk
  A polar bear (Lair:4)
  A blink frog (Lair:3)
  10 dream sheep
  4 snapping turtles
  A shadow (D:13)
  2 wraiths
  2 yaks
  A basilisk (Lair:6)
  3 small abominations (D:14)
  2 water elementals (Shoals:4)
  11 vampire mosquitoes
  19 nagas
  An acid dragon (D:12)
  5 water moccasins
  2 orc warriors
  An ogre (Orc:2)
  3 centaurs
  A bullfrog (Lair:4)
  A killer bee (D:13)
  3 orc priests (Orc:2)
  5 orc wizards
  2 gnolls (D:10)
  14 orcs
  A plant (Shoals:3)
  A tentacle (Shoals:4)
291 creatures vanquished.

Vanquished Creatures (others)
  3 orc warlords
  A merfolk impaler (Shoals:4)
  A merfolk aquamancer (Shoals:4)
  8 orc knights
  9 orc priests
  An orc sorcerer (D:11)
  12 orc warriors
  A jelly (D:6)
  16 orc wizards
  35 orcs
  28 fungi
  134 plants
  4 tentacles (Shoals:4)
253 creatures vanquished.

Grand Total: 1242 creatures vanquished

Notes
Turn   | Place    | Note
-------+----------+-------------------------------------------
     0 | D:1      | Essalna the Hill Orc Gladiator began the quest for the Orb.
     0 | D:1      | Reached XP level 1. HP: 18/18 MP: 1/1
   193 | D:1      | Reached XP level 2. HP: 25/25 MP: 2/2
   615 | D:2      | Reached skill level 1 in Armour
   739 | D:2      | Reached skill level 3 in Fighting
   740 | D:2      | Reached XP level 3. HP: 21/31 MP: 3/3
  1822 | D:3      | Found a runed translucent gate.
  1822 | D:3      | Found a runed translucent gate.
  1822 | D:3      | Found a runed translucent gate.
  1823 | D:3      | Noticed emergency's ghost (weakling GrGl)
  1850 | D:3      | Reached XP level 4. HP: 23/40 MP: 4/4
  2557 | D:4      | Found Vykarghuph's Antique Weapon Emporium.
  2712 | D:4      | Reached skill level 4 in Fighting
  2712 | D:4      | Reached XP level 5. HP: 43/46 MP: 5/5
  3175 | D:5      | Entered Level 5 of the Dungeon
  3290 | D:5      | Noticed a phantom
  3309 | D:5      | Killed a phantom
  3310 | D:5      | Reached skill level 5 in Polearms
  3310 | D:5      | Reached XP level 6. HP: 42/55 MP: 6/6
  3391 | D:5      | Reached skill level 5 in Fighting
  3466 | D:5      | Reached XP level 7. HP: 55/61 MP: 7/7
  3682 | D:5      | Noticed Duvessa
  3682 | D:5      | Noticed Dowan
  3820 | D:6      | Became a worshipper of Beogh the Brigand
  3931 | D:6      | Reached skill level 6 in Fighting
  4081 | D:6      | Reached skill level 5 in Armour
  4098 | D:6      | Found Owuif's General Store.
  4290 | D:5      | Noticed Menkaure
  4298 | D:5      | Killed Menkaure
  4299 | D:5      | Reached XP level 8. HP: 39/71 MP: 8/8
  4713 | D:5      | Killed Duvessa
  4727 | D:5      | Killed Dowan
  4887 | D:6      | Bought the +0 scale mail of the Salmon {rC+ Regen+ Str+3}
                  | for 243 gold pieces
  4960 | D:6      | Found Xiashen's General Store.
  5083 | D:6      | Reached skill level 7 in Fighting
  5149 | D:6      | Found a runed translucent door.
  5152 | D:6      | Noticed Dwachs's ghost (amateur GrFE)
  5319 | D:6      | Found a runed translucent door.
  5892 | D:7      | Identified the +0 leather armour "Cuic" {Will+ Regen+
                  | Stlth+}
  5918 | D:7      | Reached skill level 8 in Fighting
  5918 | D:7      | Reached XP level 9. HP: 79/81 MP: 9/9
  6458 | D:7      | Noticed Joseph
  6474 | D:7      | Killed Joseph
  6513 | D:7      | Found a staircase to the Ecumenical Temple.
  6817 | D:7      | Reached skill level 9 in Fighting
  6895 | D:8      | Noticed a troll
  6906 | D:7      | HP: 1/83 [troll (13)]
  6907 | D:7      | Killed a troll
  7051 | D:8      | Reached * piety under Beogh
  7301 | D:8      | Reached skill level 1 in Shields
  7384 | D:9      | Found a flagged portal.
  7397 | Bailey   | Entered a bailey
  7425 | Bailey   | Reached XP level 10. HP: 91/91 MP: 10/10
  7427 | Bailey   | Noticed an orc warlord
  7521 | Bailey   | Found a runed translucent gate.
  7524 | Bailey   | Found a runed translucent gate.
  7526 | Bailey   | Found a runed translucent gate.
  7845 | D:8      | Found Sigiug's Weapon Emporium.
  7871 | D:8      | Reached skill level 10 in Fighting
  8335 | D:9      | Acquired the +11 demon trident of Gozag's Hatred {elec,
                  | rElec Str+4}
  8356 | D:9      | Found a staircase to the Lair.
  8362 | D:9      | Reached ** piety under Beogh
  8373 | D:9      | Noticed a two-headed ogre
  8384 | D:9      | Killed a two-headed ogre
  8385 | D:9      | Reached skill level 10 in Polearms
  8391 | Lair:1   | Entered Level 1 of the Lair of Beasts
  8581 | D:9      | Reached skill level 11 in Fighting
  8642 | D:9      | Found Gogeot's Armour Shoppe.
  8650 | D:9      | Bought a +0 cloak of poison resistance for 119 gold pieces
  8784 | D:9      | Noticed a green ugly thing
  8791 | D:9      | Killed a green ugly thing
  8792 | D:9      | Reached skill level 10 in Armour
  8792 | D:9      | Reached XP level 11. HP: 98/102 MP: 11/11
  9118 | D:9      | Noticed a two-headed ogre
  9123 | D:9      | Killed a two-headed ogre
  9406 | Lair:1   | Reached skill level 12 in Fighting
  9409 | Lair:1   | Reached *** piety under Beogh
  9481 | Lair:1   | Found a sparkling altar of Nemelex Xobeh.
  9481 | Lair:1   | Noticed an oklob plant
  9495 | Lair:1   | Noticed Maggie
  9518 | Lair:1   | Killed Maggie
  9548 | Lair:1   | Noticed Sonja
  9567 | Lair:1   | Killed Sonja
 10328 | Lair:2   | Reached XP level 12. HP: 99/113 MP: 12/12
 10371 | Lair:2   | Noticed Fannar
 10395 | Lair:2   | Killed Fannar
 10396 | Lair:2   | Reached skill level 13 in Fighting
 10419 | Lair:2   | Reached **** piety under Beogh
 10424 | Lair:2   | Found a staircase to the Snake Pit.
 11050 | Lair:3   | Gained Hawl as an ally
 11050 | Lair:3   | Gained Rocco as an ally
 11137 | Lair:3   | Noticed an eight-headed hydra
 11141 | Lair:3   | Noticed a five-headed hydra
 11147 | Lair:3   | Killed an eight-headed hydra
 11152 | Lair:3   | Killed a five-headed hydra
 11212 | Lair:3   | Reached skill level 14 in Fighting
 11335 | Lair:3   | Reached XP level 13. HP: 125/125 MP: 13/13
 11428 | Lair:3   | Reached ***** piety under Beogh
 11923 | Lair:4   | Your ally Rocco died
 12020 | Lair:4   | Found a transporter.
 12044 | Lair:4   | Found a staircase to the Shoals.
 12305 | Lair:4   | Noticed Jetha's ghost (journeyman DrMo)
 12321 | Lair:4   | Found a transporter.
 12607 | Lair:4   | Reached skill level 15 in Fighting
 12742 | Lair:5   | Identified the +1 robe of Honour {+Blink rF- rC+ Dex+3}
 12766 | Lair:5   | Your ally Hawl died
 12894 | Lair:5   | Gained Milork as an ally
 12985 | Lair:5   | Found a staircase to the Slime Pits.
 13053 | Lair:5   | Noticed Josephine
 13068 | Lair:5   | Killed Josephine
 13124 | Lair:5   | Identified the +4 flail of the Rescuing Eel {flame, Will+
                  | Int+3}
 13662 | Lair:6   | Entered Level 6 of the Lair of Beasts
 13704 | Lair:6   | Reached skill level 16 in Fighting
 13797 | Lair:6   | Found a burning altar of Makhleb.
 13824 | Lair:6   | Reached XP level 14. HP: 58/137 MP: 14/14
 13915 | Lair:6   | Reached skill level 5 in Shields
 14181 | Lair:6   | Reached skill level 15 in Armour
 14480 | Lair:6   | Found a gateway to Hell.
 14487 | Lair:6   | Identified the +8 hunting sling "Jiqu" {freeze, rElec rF+}
 14614 | Hell     | Entered the Vestibule of Hell
 14614 | Hell     | Noticed Geryon
 14614 | Hell     | Noticed a doom hound
 14614 | Hell     | Noticed a reaper
 14790 | D:10     | Entered Level 10 of the Dungeon
 14855 | D:10     | Reached ****** piety under Beogh
 15057 | D:10     | Found a staircase to the Orcish Mines.
 15158 | D:10     | Found a shadowy altar of Dithmenos.
 15229 | D:10     | Gained Arkwar as an ally
 15324 | D:10     | Your ally Arkwar died
 15329 | D:10     | Reached skill level 5 in Dodging
 15377 | D:10     | Gained Ugrim as an ally
 15623 | Orc:1    | Entered Level 1 of the Orcish Mines
 15906 | Orc:2    | Entered Level 2 of the Orcish Mines
 15906 | Orc:2    | Found Jaumill's Jewellery Boutique.
 16422 | Orc:2    | Found Neawoop's Jewellery Shoppe.
 16440 | Orc:2    | Bought the ring "Ybumivuf" {rF+ rC++} for 693 gold pieces
 16481 | Orc:2    | Found a radiant altar of Vehumet.
 16486 | Orc:2    | Found Moet's Distillery.
 16518 | Orc:2    | Your ally Ugrim died
 16544 | Orc:2    | Found an ancient bone altar of Kikubaaqudgha.
 16570 | Orc:2    | Found a roughly hewn altar of Beogh.
 16570 | Orc:2    | Found Ibini's Book Emporium.
 16592 | Orc:2    | Found Somegh's Antique Armour Shoppe.
 16724 | Orc:2    | Found a roughly hewn altar of Beogh.
 16737 | Orc:2    | Found a staircase to the Elven Halls.
 16750 | Orc:2    | Gained Gorm as an ally
 16754 | Orc:2    | Gained Thorok as an ally
 18411 | D:12     | Identified the +9 trident of Donnuep {elec, Dex+4}
 18458 | D:12     | Reached skill level 17 in Fighting
 18789 | D:13     | Found a gate to the Vaults.
 18825 | D:13     | Gained Borgoth as an ally
 19105 | D:13     | Found a gate leading to a gauntlet.
 19122 | Gauntlet | Entered a Gauntlet
 19122 | Gauntlet | Found a transporter.
 19138 | Gauntlet | Found a transporter.
 19142 | Gauntlet | Found a transporter.
 19150 | Gauntlet | Found a transporter.
 19154 | Gauntlet | Found a transporter.
 19158 | Gauntlet | Found a runed translucent door.
 19159 | Gauntlet | Found a runed translucent door.
 19162 | Gauntlet | Found a transporter.
 19166 | Gauntlet | Found a transporter.
 19174 | Gauntlet | Found a transporter.
 19178 | Gauntlet | Found a transporter.
 19186 | Gauntlet | Found a transporter.
 19218 | Gauntlet | Found a transporter.
 19230 | Gauntlet | Found a transporter.
 19245 | Gauntlet | Found a transporter.
 19257 | Gauntlet | Found a transporter.
 19367 | Gauntlet | Reached XP level 15. HP: 144/147 MP: 15/15
 19724 | Gauntlet | Identified the +1 arbalest "Leviticus" {penet, rElec rPois
                  | rF+ Str+3}
 19858 | D:13     | Noticed Urug
 19863 | D:13     | Killed Urug
 20363 | D:14     | Gained Nordag as an ally
 20708 | D:14     | Noticed Zaque's ghost (journeyman MiBe)
 20711 | D:14     | Found a runed translucent gate.
 20711 | D:14     | Found a runed translucent gate.
 20711 | D:14     | Found a runed translucent gate.
 20976 | D:14     | Identified the +1 leather armour "Fuschef" {Str+3 Int+2}
 21076 | D:14     | Found a runed translucent door.
 21340 | D:14     | Noticed a tentacled monstrosity
 21347 | D:14     | Killed a tentacled monstrosity
 21615 | D:14     | Killed Zaque's ghost
 21615 | D:14     | Gained Spirok as an ally
 21616 | D:14     | Reached skill level 18 in Fighting
 21744 | D:15     | Entered Level 15 of the Dungeon
 21839 | D:15     | Found a transporter.
 21957 | D:15     | Noticed Hyvvalie's ghost (journeyman GrEE)
 22022 | D:15     | Found a transporter.
 22127 | D:15     | Noticed an emperor scorpion
 22136 | D:15     | Killed an emperor scorpion
 22157 | D:15     | Found a staircase to the Depths.
 22227 | D:15     | Your ally Gorm died
 22490 | D:15     | Your ally Milork died
 22492 | D:15     | Gained Learuk as an ally
 22502 | D:15     | Killed Hyvvalie's ghost
 22505 | D:15     | Gained Boruk as an ally
 22526 | D:15     | Identified the +3 pair of gloves "Jynlulen" {rElec rCorr
                  | Dex+4 Stlth+}
 22817 | Shoals:1 | Entered Level 1 of the Shoals
 22845 | Shoals:1 | Found Xixyt's Island Escapes.
 22886 | Shoals:1 | Reached skill level 10 in Shields
 22906 | Shoals:1 | Your ally Spirok died
 22918 | Shoals:1 | Reached XP level 16. HP: 149/159 MP: 16/16
 23147 | Shoals:1 | Gained Bogfrid as an ally
 23197 | Shoals:1 | Gained Morguth as an ally
 23219 | Shoals:1 | Found Pemohama's Armour Shoppe.
 23376 | Shoals:1 | Your ally Nordag died
 23846 | Shoals:2 | Noticed Mlioglotl
 23856 | Shoals:2 | Killed Mlioglotl
 24145 | Shoals:2 | Your ally Bogfrid died
 24319 | Shoals:2 | Reached skill level 19 in Fighting
 24686 | Shoals:3 | Noticed Donald
 24692 | Shoals:3 | Killed Donald
 24754 | Shoals:3 | Your ally Thorok died
 24755 | Shoals:3 | Your ally Morguth died
 24758 | Shoals:3 | Killed Roxanne
 24958 | Shoals:3 | Got Roxanne's Compendium of Transformation
 25002 | Shoals:3 | Noticed Mara
 25010 | Shoals:3 | Noticed Essalna's illusion
 25015 | Shoals:3 | Killed Mara
 25170 | Shoals:3 | Noticed Bai Suzhen
 25550 | Shoals:3 | Killed Bai Suzhen
 25693 | Shoals:4 | Entered Level 4 of the Shoals
 25693 | Shoals:4 | Noticed Ilsuiw
 25739 | Shoals:4 | Killed Ilsuiw
 26314 | Shoals:4 | Your ally Learuk died
 26408 | Shoals:4 | Reached XP level 17. HP: 168/168 MP: 17/17
 26444 | Shoals:4 | Noticed a kraken
 26456 | Shoals:4 | Killed a kraken
 26656 | Shoals:4 | Got the Disquisition on Conjuration
 26839 | Shoals:4 | Got a barnacled rune of Zot
 27101 | Snake:1  | Entered Level 1 of the Snake Pit
 27140 | Snake:1  | Found Liroll's Specific Store.
 27141 | Snake:1  | Found Leleos's General Store.
 27580 | Snake:2  | Reached skill level 10 in Dodging
 27620 | Snake:2  | Gained Hilgar as an ally
 27656 | Snake:2  | Reached skill level 20 in Fighting
 28735 | Snake:3  | Found Tukla's Jewellery Shop.
 28746 | Snake:3  | Your ally Boruk died
 28898 | Snake:3  | Found Micaofum's Armour Shop.
 29280 | Snake:3  | Found Wyakehar's Book Emporium.
 29564 | Snake:4  | Entered Level 4 of the Snake Pit
 29620 | Snake:4  | Reached XP level 18. HP: 143/180 MP: 18/18
 29741 | Snake:4  | Your ally Hilgar died
 30742 | Snake:4  | Reached skill level 21 in Fighting
 30801 | Snake:4  | Your ally Milork died
 30961 | Snake:4  | Got a serpentine rune of Zot
 31337 | Lair:2   | Upgraded the game from 0.29-a0-615-gdeedd76f10 to
                  | 0.29-a0-632-g781b4ac09e
 31499 | Vaults:1 | Entered Level 1 of the Vaults
 31569 | Vaults:1 | Your ally Borgoth died
 31576 | Vaults:1 | Demolished by a deep troll

Illustrated notes

Levels and vault maps discovered:
D:1:      zaba_arrival_water, layout_rooms
D:2:      layout_basic, amcnicky_mini_corridor_feature
D:3:      layout_loops_ring, ebering_ghost_rock_garden
D:4:      layout_basic, serial_shops, nicolae_take_the_stairs
D:5:      dreamdust_elfheim, layout_loops_cross, uniq_menkaure
D:6:      layout_basic, ebering_ghost_sewer_f, serial_shops,
          nicolae_shop_waterfront, nicolae_shop_trees
D:7:      layout_rooms, minmay_temple_entry_poolview, serial_co_window_serial,
          co_window_paths_a, co_window_paths_b, co_window_paths_a,
          co_window_paths_a, co_window_of_opportunity_a, co_window_corner_a,
          co_window_corner_a, co_window_corner_a, co_window_paths_a,
          co_window_broadway_a, co_window_unsneaky_path_c, co_window_corner_ca,
          co_window_paths_c, co_window_4corner_a, co_window_paths_e,
          glass_columns_a, glass_columns_a, glass_columns_a, glass_columns_a,
          minmay_statues_item, uniq_joseph
D:8:      layout_gridville, serial_shops, nicolae_shop_trees,
          kennysheep_generic_room_13
D:9:      layout_stronghold, lair_entry_dummy, serial_shops,
          nicolae_shop_competitors_out_of_business, enter_bailey_3,
          minmay_curled_crystal, minmay_fractal_squares_diagonal_5
D:10:     minmay_shrinking_squares, layout_stronghold,
          mainiacjoe_overflow_paths, david_orc_2
D:11:     layout_irregular_city
D:12:     layout_rooms
D:13:     layout_roguey, lightli_vaults_fourway_checkpoint,
          gauntlet_entry_generic, special_room [special_room_bee], uniq_urug
D:14:     cheibrodos_body_horror, layout_layer_cave, small_statue_intersection,
          gammafunk_ghost_hydra_chop
D:15:     hangedman_depths_entry_try_elsewhere_first, layout_cave_pools,
          gammafunk_ghost_mausoleum, minmay_misc_feat_cross
Lair:1:   layout_small_grid, lemuel_oklob_altar, infiniplex_staircase_pool_2,
          grunt_megastairs_4, uniq_sonja, uniq_maggie
Lair:2:   layout_roguey, minmay_snake_entry_six_corridors,
          grunt_forest_large_clearings, uniq_fannar
Lair:3:   layout_chaotic_city, grunt_forest_large_clearing_hut
Lair:4:   layout_regular_city, minmay_shoals_entry_lonely_mermaid,
          gammafunk_ghost_arena, nzn_random_ring
Lair:5:   layout_regular_city, minmay_slime_entry_pillars,
          minmay_stone_trees_large, chequers_serial_rivers_marsh, uniq_josephine
Lair:6:   evil_forest, layout_loops_ring, chequers_serial_rivers_micro_e
Shoals:1: layout_shoals, serial_shops, nicolae_shop_trees,
          nicolae_island_escapes
Shoals:2: layout_shoals, uniq_mlioglotl
Shoals:3: layout_shoals, uniq_donald, uniq_bai_suzhen, uniq_roxanne, uniq_mara
Shoals:4: shoals_end_simple, layout_shoals, shoals_ilsuiw_ice
Snake:1:  layout_cave_shapes, nicolae_specific_store
Snake:2:  layout_layer_cave, st_stairs_11
Snake:3:  layout_misc_corridors, serial_shops, nicolae_stop_n_shop_1, shop,
          shop, hangedman_snake_corridor_cut
Snake:4:  snake_pit_salamanders_mu, layout_cave_town
Orc:1:    layout_diamond_mine, rock_pile
Orc:2:    kennysheep_orc_mage_school, layout_diamond_mine, basic_altar,
          serial_shops, nicolae_shop_statue_plus
Vaults:1: ontoclasm_vaults_gallery, vaults_dpeg_diagonal,
          nicolae_vaults_big_angled_halls, hangedman_vaults_pinch,
          vaults_dpeg_ring, layout_vaults_chaotic_city
Hell

Skill      XL: |  1  2  3  4  5  6  7  8  9 10 11 12 13 14 15 16 17 18 |
---------------+-------------------------------------------------------+-----
Armour         | 1 2 3 4 5 6 8 10 11 13 14 15 16 17 18 19 | 19.5
Fighting       | 3 4 5 6 8 9 11 12 14 16 17 18 19 20 21 | 21.2
Polearms       | 4 5 6 7 9 10 12 13 14 | 14.0
Shields        | 1 4 7 10 11 13 14 | 14.3
Dodging        | 3 4 6 8 9 10 11 | 11.5
Throwing       | |  1.7

Action                   |  1- 3 |  4- 6 |  7- 9 | 10-12 | 13-15 | 16-18 || total
-------------------------+-------+-------+-------+-------+-------+-------++-------
Melee: Trident           |    89 |    85 |   356 |   120 |       |       ||   650
       Punch             |       |     2 |     2 |       |       |       ||     4
       Demon trident     |       |       |       |   370 |   754 |   986 ||  2110
Throw: Throwing net      |     1 |     2 |     2 |       |       |       ||     5
       Boomerang         |    19 |    55 |    17 |     2 |       |       ||    93
       Javelin           |       |       |     1 |       |       |       ||     1
       Dart              |       |       |    12 |     7 |       |       ||    19
Invok: Convert to Beogh  |       |       |     1 |       |       |       ||     1
       Recall Orcish Fol |       |       |       |       |     4 |     6 ||    10
       Resurrection      |       |       |       |       |     1 |     1 ||     2
       Give Item to Name |       |       |       |       |     1 |       ||     1
Evoke: Wand              |       |       |       |     2 |       |       ||     2
  Use: Scroll            |       |       |    10 |    10 |       |    12 ||    32
 Stab: Held in net/web   |       |     1 |       |       |       |       ||     1
       Invisible         |       |       |       |     2 |       |       ||     2
       Distracted        |       |       |       |     1 |     4 |     5 ||    10
       Petrified         |       |       |       |       |     1 |       ||     1
       Confused          |       |       |       |       |     1 |       ||     1
       Sleeping          |       |       |       |       |       |     1 ||     1
Armor: Leather armour    |     3 |       |       |       |       |       ||     3
       Ring mail         |    20 |    18 |       |       |       |       ||    38
       Scale mail        |       |     1 |    91 |   164 |   200 |   323 ||   779
Dodge: Dodged            |    36 |    29 |   115 |   147 |   210 |   441 ||   978
Block: Other             |       |    14 |    67 |       |       |       ||    81
       Reflection        |       |     1 |     4 |     6 |       |       ||    11
       Buckler           |       |       |     6 |   123 |   101 |   255 ||   485

Table legend: (Time is in decaauts)
 A = Elapsed time spent in this place.
 B = Non-inter-level travel time spent in this place.
 C = Inter-level travel time spent in this place.
 D = Time resting spent in this place.
 E = Time spent auto-exploring this place.
 F = Levels seen in this place.
 G = Mean time per level.
                   A        B        C        D        E       F      G
               +--------+--------+--------+--------+--------+-----+--------+
         Total |  30879 |  28579 |   2300 |    620 |  21575 |  35 |  882.3 |
       Dungeon |  14296 |  13169 |   1127 |     80 |  10621 |  15 |  953.1 |
          Lair |   5475 |   4923 |    552 |     34 |   4032 |   6 |  912.5 |
        Shoals |   4049 |   3841 |    208 |      0 |   2569 |   4 | 1012.2 |
     Snake Pit |   4049 |   3860 |    189 |      0 |   3026 |   4 | 1012.2 |
  Orcish Mines |   1969 |   1747 |    222 |    306 |    920 |   2 |  984.5 |
        Vaults |     55 |     55 |      0 |      0 |     13 |   1 |   55.0 |
          Hell |      1 |      1 |      0 |      0 |      0 |   1 |    1.0 |
        Bailey |    370 |    370 |      0 |      0 |    145 |   1 |  370.0 |
      Gauntlet |    611 |    611 |      0 |    200 |    247 |   1 |  611.0 |
               +--------+--------+--------+--------+--------+-----+--------+

Top non-repeatable levels by time:
 Snake:4: 1581 daAuts
   Orc:2: 1461 daAuts
    D:14: 1438 daAuts
     D:7: 1425 daAuts
     D:9: 1267 daAuts
     D:5: 1247 daAuts
     D:6: 1191 daAuts
 Snake:2: 1149 daAuts
Shoals:4: 1115 daAuts
Shoals:3: 1093 daAuts
     D:3: 976 daAuts
  Lair:1: 963 daAuts
  Lair:6: 962 daAuts
     D:2: 958 daAuts
  Lair:4: 933 daAuts
